 Dungeon Crawl Stone Soup version 0.31-a0-590-g8a5a4361df (webtiles) character file.

Game seed: 18123610794441108522

9 Ofeo the Ruffian (level 2, 15/21 HPs)
             Began as a Demonspawn Shapeshifter on Aug 19, 2023.
             Quit the game on level 1 of the Dungeon.
             The game lasted 00:00:15 (135 turns).

Ofeo the Ruffian (Demonspawn Shapeshifter)           Turns: 135, Time: 00:00:16

Health: 15/21      AC:  2    Str: 15    XL:     2   Next: 6%
Magic:  2/2        EV: 12    Int:  9    God:
Gold:   8          SH:  0    Dex: 13    Spells: 1/1 levels left

rFire   . .          .
                       - Unarmed
rCold   . . .        (no shield)
rNeg    . . .        a - +0 animal skin
rPois   .            (helmet currently unavailable)
rElec   .            (cloak currently unavailable)
rCorr   .            (gloves currently unavailable)
SInv    .            (boots currently unavailable)
Will    .....        (no amulet)
Stlth   +            (no ring)
HPRegen 0.23/turn    (no ring)
MPRegen 0.08/turn

%: no passive effects
@: beast-form
A: beast (slay +1), horns 1
a: Begin Untransformation


You were on level 1 of the Dungeon.
You were a hulking beast.
You visited 1 branch of the dungeon, and saw 1 of its levels.

You collected 8 gold pieces.

Inventory:

Armour
 a - a +0 animal skin (worn)
Talismans
 c - a beast talisman (active)
 d - a flux talisman
Scrolls
 b - a scroll of poison {unknown}
 f - a scroll of identify {unknown}
Potions
 e - 2 potions of resistance {unknown}
 l - a potion of lignification


   Skills:
 + Level 1.3 Fighting
 + Level 2.0 Dodging
 + Level 2.8 Unarmed Combat
 + Level 2.8 Shapeshifting


You had one spell level left.
You didn't know any spells.
Your spell library was empty.

Dungeon Overview and Level Annotations

Branches:
Dungeon (1/15)

Altars:


Innate Abilities, Weirdness & Mutations

You are a hulking beast.
Your limbs bulge with bestial killing power. (Slay +1)
You have a pair of small horns on your head.


Message History

The bat hits you.
You barely miss the bat. The bat closely misses you.
The bat completely misses you. The bat closely misses you.
You hit the bat.
The bat is moderately wounded.
The bat misses you. The bat hits you. The kobold misses you.
You take 1 damage, and have 11/15 hp.
You hit the bat.
You kill the bat!
The kobold hits you but does no damage.
You completely miss the endoplasm. The kobold barely misses you.
The endoplasm hits you.
You take 3 damage, and have 8/15 hp.
You are too injured to fight recklessly!
You are too injured to fight recklessly!
You are too injured to fight recklessly!
You are too injured to fight recklessly!
You are too injured to fight recklessly!
You are too injured to fight recklessly!
You are too injured to fight recklessly!
You are too injured to fight recklessly!
You are too injured to fight recklessly!
There are monsters nearby!
You hit the endoplasm.
You kill the endoplasm!
Your Dodging skill increases to level 2!
You have reached level 2!
Your demonic ancestry asserts itself...
A pair of horns grows on your head!
You regained 4 hp, and now have 13/21 hp.
MP restored: 2 You hit the kobold.
You kill the kobold!
You swing at nothing.
You swing at nothing.
You swing at nothing.
You swing at nothing.
You swing at nothing.
You swing at nothing.
You swing at nothing.
Are you sure you want to abandon this character and quit the game? (Confirm with "yes".)

###..... # #. ## #...#...
#. #. #.# ..#.<.#...
###.###.##..## ....#...#.≈≈
.............# ......###.≈≈
.[.....#..##.##...####.....
.......#..........#######..
......)..##................
.........)h!...............
........##................#
.......###.................
....... #................#
....... ##...†.............
###.#...........>.........#
#...####................#
#..# ##...........>..##
##.....##.....##


There were no monsters in sight!

Vanquished Creatures
  A ball python (D:1)
  2 endoplasms (D:1)
  A hobgoblin (D:1)
  A quokka (D:1)
  A bat (D:1)
  2 kobolds (D:1)
8 creatures vanquished.

Notes
Turn   | Place    | Note
-------+----------+-------------------------------------------
     0 | D:1      | Ofeo the Demonspawn Shapeshifter began the quest for the
                  | Orb.
     0 | D:1      | Reached XP level 1. HP: 15/15 MP: 1/1
   127 | D:1      | Gained mutation: You have a pair of small horns on your
                  | head. [demonic ancestry]
   127 | D:1      | Reached XP level 2. HP: 13/21 MP: 2/2
   135 | D:1      | Quit the game

Illustrated notes

Levels and vault maps discovered:
D:1:      amcnicky_arrival_double_pillar, layout_rooms

Skill      XL: |  1 |
---------------+----+-----
Dodging        | 2 |  2.0
Fighting       | |  1.3
Unarmed Combat | |  2.8
Shapeshifting  | |  2.8

Action                     || total
---------------------------++-------
  Melee: Unarmed           ||    23
 Armour: Animal skin       ||     3
  Dodge: Dodged            ||    17

Table legend: (Time is in decaauts)
 A = Elapsed time spent in this place.
 B = Non-inter-level travel time spent in this place.
 C = Inter-level travel time spent in this place.
 D = Time resting spent in this place.
 E = Time spent auto-exploring this place.
 F = Levels seen in this place.
 G = Mean time per level.
                   A        B        C        D        E       F      G
               +--------+--------+--------+--------+--------+-----+--------+
         Total |    134 |    134 |      0 |      0 |     81 |   1 |  134.0 |
       Dungeon |    134 |    134 |      0 |      0 |     81 |   1 |  134.0 |
               +--------+--------+--------+--------+--------+-----+--------+

Top non-repeatable levels by time:
     D:1: 134 daAuts
